 Dungeon Crawl Stone Soup version 0.26.1-11-gd32895ea62 (webtiles) character file.

Game seed: 4440676660509436101

286 rhet the Gusty (level 6, -6/32 HPs)
             Began as a Tengu Air Elementalist on June 27, 2021.
             Mangled by Grinder (8 damage)
             ... while paralysed by Grinder
             ... on level 4 of the Dungeon.
             The game lasted 00:16:22 (8096 turns).

rhet the Gusty (Tengu Air Elementalist)             Turns: 8096, Time: 00:16:22

Health: -6/32      AC:  3    Str:  8    XL:     6   Next: 30%
Magic:  20/20      EV:  2    Int: 18    God:
Gold:   159        SH:  0    Dex: 14    Spells: 5/11 levels left

rFire    . . .     SeeInvis .   b - +0 short sword
rCold    . . .     Faith    .   (no shield)
rNeg     . . .     Spirit   .   a - +1 robe
rPois    .         Reflect  .   (helmet restricted)
rElec    .         Harm     .   (no cloak)
rCorr    .         Rampage  .   (no gloves)
Will     .....                  (boots unavailable)
Stlth    ++........             (no amulet)
HPRegen  0.10/turn              d - ring of magical power
MPRegen  0.17/turn              (no ring)

@: paralysed, flying quickly and evasively, quick
A: beak, talons 3, able to fly
a: Stop Flying


You were on level 4 of the Dungeon.
You visited 1 branch of the dungeon, and saw 4 of its levels.

You collected 159 gold pieces.

Inventory:

Hand Weapons
 b - a +0 short sword (weapon)
 e - a +0 morningstar
 k - a +0 trident
Armour
 a - a +1 robe (worn)
 t - a +0 buckler
Jewellery
 d - a ring of magical power (left hand)
 p - an uncursed amulet of faith
 u - a cursed ring of attention {unknown}
Wands
 n - a wand of acid (1)
 o - a wand of polymorph (2)
Scrolls
 f - a scroll of identify
 g - a scroll of remove curse
 m - a scroll of noise
 s - a scroll of teleportation
 v - a scroll of blinking {unknown}
Potions
 c - a potion of cancellation {unknown}
 h - 3 potions of curing {unknown}
 i - a potion of heal wounds {unknown}
 j - a potion of magic {unknown}
 l - a potion of degeneration {unknown}
 q - a potion of resistance {unknown}
 r - a potion of flight {unknown}


   Skills:
 + Level 3.3 Dodging
 - Level 2.0 Stealth
 + Level 3.0 Spellcasting
 * Level 4.6 Conjurations
 * Level 6.2 Air Magic


You had 5 spell levels left.
You knew the following spells:

 Your Spells              Type           Power        Failure   Level
a - Shock                 Conj/Air       88%          1%          1
b - Swiftness             Air            25%          1%          2
c - Static Discharge      Conj/Air       22%          5%          3

Your spell library contained the following spells:

 Spells                   Type           Power        Failure   Level
 Airstrike                Air            12%          12%         4
 Lightning Bolt           Conj/Air       11%          43%         5


Dungeon Overview and Level Annotations

Branches:
Dungeon (4/15)
 Temple: D:4-7

Altars:
Nemelex Xobeh
Qazlal
Trog

Annotations:
D:4 Dowan, Grinder


Innate Abilities, Weirdness & Mutations

You have a beak for a mouth.
You have claws for feet.
You can fly continuously.


Message History

Press: ? - help, Shift-Dir - straight line, f/p - Grinder
Aim: Grinder (almost dead, covered in acid, 32% to evade)
The bolt of acid misses Grinder.
Aiming: Corrosive Bolt
Press: ? - help, Shift-Dir - straight line, f/p - Grinder
Aim: Grinder (almost dead, covered in acid, 32% to evade)
The bolt of acid misses Grinder.
Aiming: Corrosive Bolt
Press: ? - help, Shift-Dir - straight line, f/p - Grinder
Aim: Grinder (almost dead, covered in acid, 32% to evade)
The bolt of acid misses Grinder.
Grinder gestures at you.
You suddenly lose the ability to move!
Grinder hits you.
You writhe in agony.
Grinder hits you.
* * * LOW HITPOINT WARNING * * *
You writhe in agony.
* * * LOW HITPOINT WARNING * * *
Grinder hits you!
You die...

#.......# ###..#.
#.......###......
#.......##... ..##
#........... ...
#.......##.###.#
#.......##.).).#####
#....................
#.[...O........######
#.....5@.......#
####..#####......#
#...................
######(..............
#......##.#(######...
#..###.....#.. ....#
#...##.####### ... ..
#.......# ....
####.##.### ..O..


You could see Grinder (corroded) and an ogre.

Vanquished Creatures
  2 orc priests (D:4)
  Terence (D:2)
  A hound skeleton (D:4)
  Robin (D:3)
  7 adders
  2 worms (D:3)
  2 dart slugs
  A leopard gecko (D:3)
  13 orcs
  11 bats
  3 giant cockroaches
  14 hobgoblins
  4 jackals
  2 quokkas
  2 ball pythons
  2 frilled lizards
  14 goblins
  5 kobolds
  9 rats
96 creatures vanquished.

Notes
Turn   | Place    | Note
-------+----------+-------------------------------------------
     0 | D:1      | rhet the Tengu Air Elementalist began the quest for the
                  | Orb.
     0 | D:1      | Reached XP level 1. HP: 10/10 MP: 4/4
   752 | D:1      | Reached XP level 2. HP: 15/15 MP: 1/6
  1844 | D:1      | Reached XP level 3. HP: 18/19 MP: 0/7
  2245 | D:2      | Noticed Terence
  2310 | D:2      | Killed Terence
  2627 | D:2      | Reached skill level 5 in Air Magic
  2627 | D:2      | Reached XP level 4. HP: 24/24 MP: 2/8
  3384 | D:2      | Learned a level 2 spell: Swiftness
  3514 | D:2      | Found a stormy altar of Qazlal.
  3605 | D:2      | Found a sparkling altar of Nemelex Xobeh.
  4175 | D:3      | Found a bloodstained altar of Trog.
  4569 | D:3      | Learned a level 3 spell: Static Discharge
  4792 | D:3      | Gained mutation: You can fly continuously. [Tengu growth]
  4792 | D:3      | Reached XP level 5. HP: 28/28 MP: 9/9
  4909 | D:3      | Noticed Robin
  4949 | D:3      | Killed Robin
  7187 | D:4      | Reached skill level 6 in Air Magic
  7187 | D:4      | Reached XP level 6. HP: 31/32 MP: 11/11
  7194 | D:4      | Noticed Dowan
  7969 | D:4      | Noticed Grinder
  8093 | D:4      | Paralysed by Grinder for 6 turns
  8096 | D:4      | Mangled by Grinder

Illustrated notes

Levels and vault maps discovered:
D:1:      matt_arrival_spirals, layout_loops_ring
D:2:      layout_loops_ring, overflow_temple_1_default, serial_rivers,
          chequers_serial_rivers_micro_a, chequers_serial_rivers_small_3,
          chequers_serial_rivers_micro_b, chequers_serial_rivers_marsh,
          chequers_serial_rivers_large_a, nemelex_spade_bored_becter,
          uniq_terence
D:3:      minmay_angry_zag, layout_basic, lightli_temple_of_fire,
          serial_co_window_serial, co_window_corner_a, co_window_corner_a,
          co_window_paths_b, co_window_paths_a, co_window_cross_1,
          co_window_corner_a, co_window_of_opportunity_a,
          co_window_unsneaky_path_d, co_window_paths_c, co_window_broadway_a,
          co_window_unsneaky_path_e, co_window_2corner, co_window_paths_c,
          glass_columns_c, glass_columns_b, glass_columns_a, glass_columns_b,
          hangedman_abyss_or_decor_stabs, uniq_robin
D:4:      layout_rooms, lemuel_zombie_altar_yredelemnul, kennysheep_little_box,
          uniq_grinder, uniq_crazy_yiuf_cottage, uniq_duvessa,
          uniq_blork_the_orc

Skill      XL: |  1  2  3  4  5  6 |
---------------+-------------------+-----
Conjurations   | 2 3 4 |  4.6
Air Magic      | 5 6 |  6.2
Dodging        | 3 |  3.3
Spellcasting   | 3 |  3.0
Stealth        | |  2.0

Action                   |  1- 3 |  4- 6 || total
-------------------------+-------+-------++-------
Melee: Short sword       |     4 |    13 ||    17
       Kick              |       |     3 ||     3
       Peck              |       |     1 ||     1
 Cast: Shock             |    75 |   150 ||   225
       Swiftness         |       |     1 ||     1
       Static Discharge  |       |     1 ||     1
 Abil: Fly               |       |     1 ||     1
Evoke: Wand              |       |     5 ||     5
  Use: Scroll            |       |     6 ||     6
 Stab: Sleeping          |     1 |       ||     1
Armor: Robe              |     2 |     6 ||     8
Dodge: Dodged            |    21 |    43 ||    64
